| TOP OF THE 1ST |
|
Spokane Indians batting - Pitching for Salt Lake City Bees : RHP Tony Archuleta
|
|
Pitching: RHP Tony Archuleta
|
|
|
Batting: SHB Jose Oquendo
|
0-0: Ball 1-0: Called Strike 1-1: Foul Ball, location: 2F 1-2: Foul Ball, location: 2F 1-2: Strikes out swinging
|
|
Batting: LHB Stu Pederson
|
0-0: Ball 1-0: Ball 2-0: Ball 3-0: Called Strike 3-1: Base on Balls
|
|
Batting: SHB Mark Gillaspie
|
0-0: Ball 1-0: Foul Ball, location: 2F 1-1: Swinging Strike 1-2: Strikes out looking
|
|
Batting: RHB Bill Schroeder
|
0-0: Ground out 4-3 (Groundball, 4M, EV 102.5 MPH)
|
| Top of the 1st over - 0 runs, 0 hits, 0 errors, 1 left on base; Spokane 0 - Salt Lake City 0 |
| BOTTOM OF THE 1ST |
|
Salt Lake City Bees batting - Pitching for Spokane Indians : LHP Alberto Argueta
|
|
Pitching: LHP Alberto Argueta
|
|
|
Batting: LHB Mike Cole
|
0-0: Ball 1-0: Ball 2-0: Ball 3-0: Base on Balls
|
|
Batting: RHB Stephen Vaughan
|
0-0: Ball 1-0: Ball 2-0: Fly out, F7 (Flyball, 78S, EV 88.1 MPH)
|
|
Batting: RHB Nicky Richards
|
0-0: Ball Mike Cole steals 2nd base 1-0: DOUBLE (Flyball, 9LD, EV 97.5 MPH) Mike Cole scores
|
|
Batting: RHB Robert Potts
|
0-0: Called Strike 0-1: Fly out, F7 (Flyball, 78D, EV 103.8 MPH)
|
|
Batting: RHB William Cole
|
0-0: Called Strike 0-1: Ball 1-1: Ball 2-1: Ball 3-1: Base on Balls
|
|
Batting: RHB Darnell Coles
|
0-0: Called Strike 0-1: Ball 1-1: Ball 2-1: Ball 3-1: Foul Ball, location: 2F 3-2: Fly out, F9 (Flyball, 89D, EV 99.4 MPH)
|
| Bottom of the 1st over - 1 run, 1 hit, 0 errors, 2 left on base; Spokane 0 - Salt Lake City 1 |
| TOP OF THE 2ND |
|
Spokane Indians batting - Pitching for Salt Lake City Bees : RHP Tony Archuleta
|
|
Batting: LHB Joseph Lentsch
|
0-0: Ball 1-0: Called Strike 1-1: Ball 2-1: Foul Ball, location: 2F 2-2: Ball 3-2: Strikes out swinging
|
|
Batting: RHB Larry Fobbs
|
0-0: Called Strike 0-1: Called Strike 0-2: Ball 1-2: Foul Ball, location: 2F 1-2: Ground out 4-3 (Groundball, 4S, EV 81.9 MPH)
|
|
Batting: RHB Cleo Smith
|
0-0: Swinging Strike 0-1: Called Strike 0-2: SINGLE (Groundball, 56, EV 90.6 MPH) (infield hit)
|
|
Batting: RHB Matthew Tyner
|
0-0: Ball 1-0: Swinging Strike 1-1: Called Strike 1-2: Ball 2-2: Foul Ball, location: 2F 2-2: Strikes out swinging
|
| Top of the 2nd over - 0 runs, 1 hit, 0 errors, 1 left on base; Spokane 0 - Salt Lake City 1 |
| BOTTOM OF THE 2ND |
|
Salt Lake City Bees batting - Pitching for Spokane Indians : LHP Alberto Argueta
|
|
Batting: LHB Robert Schuster
|
0-0: Foul Ball, location: 2F 0-1: Ball 1-1: Foul Ball, location: 2F 1-2: Ball 2-2: Ball 3-2: Foul Ball, location: 2F 3-2: Base on Balls
|
|
Batting: RHB Darrell Miller
|
0-0: Ball 1-0: Ball 2-0: Foul Ball, location: 2F 2-1: Swinging Strike 2-2: Strikes out swinging
|
|
Batting: RHB Reid Nichols
|
0-0: Called Strike 0-1: Fielders Choice at 2nd, 5-4 (Groundball, 56, EV 84.4 MPH)
|
|
Batting: LHB Mike Cole
|
0-0: Foul Ball, location: 2F 0-1: Ball 1-1: Foul Ball, location: 2F 1-2: Ball Reid Nichols steals 2nd base 2-2: SINGLE (Groundball, 6S, EV 66.9 MPH) (infield hit) Reid Nichols to third
|
|
Batting: RHB Stephen Vaughan
|
0-0: Ball 1-0: Ball 2-0: Fielders Choice at 2nd, 6-4 (Groundball, 6, EV 105.0 MPH)
|
| Bottom of the 2nd over - 0 runs, 1 hit, 0 errors, 2 left on base; Spokane 0 - Salt Lake City 1 |
| TOP OF THE 3RD |
|
Spokane Indians batting - Pitching for Salt Lake City Bees : RHP Tony Archuleta
|
|
Batting: RHB Albert Rausch
|
0-0: Ball 1-0: SINGLE (Line Drive, 5D, EV 100.0 MPH)
|
|
Batting: SHB Jose Oquendo
|
0-0: Called Strike 0-1: Fly out, F8 (Flyball, 8RM, EV 88.1 MPH)
|
|
Batting: LHB Stu Pederson
|
0-0: Called Strike 0-1: Ball 1-1: Foul Ball, location: 2F 1-2: Ball 2-2: Ball 3-2: Strikes out swinging
|
|
Batting: SHB Mark Gillaspie
|
0-0: Ball 1-0: Fly out, F7 (Flyball, 7, EV 89.4 MPH)
|
| Top of the 3rd over - 0 runs, 1 hit, 0 errors, 1 left on base; Spokane 0 - Salt Lake City 1 |
| BOTTOM OF THE 3RD |
|
Salt Lake City Bees batting - Pitching for Spokane Indians : LHP Alberto Argueta
|
|
Batting: RHB Nicky Richards
|
0-0: Ball 1-0: Ball 2-0: Ball 3-0: Base on Balls
|
|
Batting: RHB Robert Potts
|
0-0: Called Strike 0-1: Foul Ball, location: 2F 0-2: Fly out, F9 (Flyball, 89XD, EV 98.8 MPH) Runner from 1st tags up, SAFE at 2nd
|
|
Batting: RHB William Cole
|
0-0: Ball 1-0: Fly out, F6 (Flyball, 5D, EV 82.5 MPH)
|
|
Batting: RHB Darnell Coles
|
0-0: Ball 1-0: Ball 2-0: Called Strike 2-1: Fly out, F8 (Flyball, 8RM, EV 91.3 MPH)
|
| Bottom of the 3rd over - 0 runs, 0 hits, 0 errors, 1 left on base; Spokane 0 - Salt Lake City 1 |
| TOP OF THE 4TH |
|
Spokane Indians batting - Pitching for Salt Lake City Bees : RHP Tony Archuleta
|
|
Batting: RHB Bill Schroeder
|
0-0: Ground out 3-1 (Groundball, 3D, EV 102.5 MPH)
|
|
Batting: LHB Joseph Lentsch
|
0-0: Foul Ball, location: 2F 0-1: Ball 1-1: Ball 2-1: Foul Ball, location: 2F 2-2: Foul Ball, location: 2F 2-2: Foul Ball, location: 2F 2-2: Fly out, F8 (Flyball, 78D, EV 97.5 MPH)
|
|
Batting: RHB Larry Fobbs
|
0-0: Reached on error, E9 (Flyball, 9D, EV 76.9 MPH)
|
|
Batting: RHB Cleo Smith
|
0-0: Ball 1-0: Ball 2-0: Called Strike 2-1: Swinging Strike 2-2: Foul Ball, location: 2F 2-2: Strikes out swinging
|
| Top of the 4th over - 0 runs, 0 hits, 1 error, 1 left on base; Spokane 0 - Salt Lake City 1 |
| BOTTOM OF THE 4TH |
|
Salt Lake City Bees batting - Pitching for Spokane Indians : LHP Alberto Argueta
|
|
Batting: LHB Robert Schuster
|
0-0: Ball 1-0: Called Strike 1-1: Fly out, F5 (Popup, 56, EV 68.1 MPH)
|
|
Batting: RHB Darrell Miller
|
0-0: Ball 1-0: SINGLE (Flyball, 7S, EV 89.4 MPH)
|
|
Batting: RHB Reid Nichols
|
0-0: Called Strike 0-1: Called Strike 0-2: Fielders Choice at 2nd, 5-4 (Groundball, 56, EV 101.3 MPH)
|
|
Batting: LHB Mike Cole
|
0-0: Called Strike 0-1: Ball 1-1: Ball 2-1: Ball Passed Ball! Reid Nichols to second 3-1: Base on Balls
|
|
Batting: RHB Stephen Vaughan
|
0-0: Called Strike 0-1: Ball 1-1: Called Strike 1-2: Ball 2-2: Foul Ball, location: 2F 2-2: Fly out, F7 (Line Drive, 7D, EV 94.4 MPH)
|
| Bottom of the 4th over - 0 runs, 1 hit, 0 errors, 2 left on base; Spokane 0 - Salt Lake City 1 |
| TOP OF THE 5TH |
|
Spokane Indians batting - Pitching for Salt Lake City Bees : RHP Tony Archuleta
|
|
Batting: RHB Matthew Tyner
|
0-0: Ball 1-0: Called Strike 1-1: Foul Ball, location: 2F 1-2: Ball 2-2: Fly out, F8 (Flyball, 8RS, EV 90.6 MPH)
|
|
Batting: RHB Albert Rausch
|
0-0: Reached on error, E5 (Groundball, 56, EV 82.5 MPH)
|
|
Batting: SHB Jose Oquendo
|
0-0: Ball 1-0: Foul Ball, location: 2F 1-1: DOUBLE (Flyball, 8RD, EV 97.5 MPH) Albert Rausch scores
|
|
Batting: LHB Stu Pederson
|
0-0: Called Strike 0-1: Swinging Strike 0-2: Strikes out swinging
|
|
Batting: SHB Mark Gillaspie
|
0-0: Swinging Strike 0-1: Ball 1-1: Foul Ball, location: 2F 1-2: Ball 2-2: Ball 3-2: Ground out 4-3 (Groundball, 4, EV 100.6 MPH)
|
| Top of the 5th over - 1 run, 1 hit, 1 error, 1 left on base; Spokane 1 - Salt Lake City 1 |
| BOTTOM OF THE 5TH |
|
Salt Lake City Bees batting - Pitching for Spokane Indians : LHP Alberto Argueta
|
|
Batting: RHB Nicky Richards
|
0-0: Called Strike 0-1: Swinging Strike 0-2: Ball 1-2: Ball 2-2: Foul Ball, location: 2F 2-2: Strikes out swinging
|
|
Batting: RHB Robert Potts
|
0-0: Ball 1-0: Foul Ball, location: 2F 1-1: SINGLE (Groundball, 56D, EV 108.8 MPH)
|
|
Batting: RHB William Cole
|
0-0: Called Strike 0-1: Ball 1-1: Ball Robert Potts is caught stealing 2nd base 2-4 2-1: Foul Ball, location: 2F 2-2: Ground out 6-3 (Groundball, 6S, EV 85.6 MPH)
|
| Bottom of the 5th over - 0 runs, 1 hit, 0 errors, 0 left on base; Spokane 1 - Salt Lake City 1 |
| TOP OF THE 6TH |
|
Spokane Indians batting - Pitching for Salt Lake City Bees : RHP Tony Archuleta
|
|
Batting: RHB Bill Schroeder
|
0-0: Foul Ball, location: 2F 0-1: Ground out U3 (Groundball, 3, EV 83.8 MPH)
|
|
Batting: LHB Joseph Lentsch
|
0-0: Foul Ball, location: 2F 0-1: SINGLE (Line Drive, 6D, EV 95.6 MPH)
|
|
Batting: RHB Larry Fobbs
|
0-0: Ground out 6-3 (Groundball, 6M, EV 80.0 MPH) Joseph Lentsch to second
|
|
Batting: RHB Cleo Smith
|
0-0: Called Strike 0-1: Fly out, F8 (Line Drive, 8LD, EV 93.1 MPH)
|
| Top of the 6th over - 0 runs, 1 hit, 0 errors, 1 left on base; Spokane 1 - Salt Lake City 1 |
| BOTTOM OF THE 6TH |
|
Salt Lake City Bees batting - Pitching for Spokane Indians : LHP Alberto Argueta
|
|
Batting: RHB Darnell Coles
|
0-0: Fly out, F8 (Flyball, 8RD, EV 92.5 MPH)
|
|
Batting: LHB Robert Schuster
|
0-0: Swinging Strike 0-1: Ball 1-1: Called Strike 1-2: Ball 2-2: Strikes out swinging
|
|
Batting: RHB Darrell Miller
|
0-0: Ball 1-0: Foul Ball, location: 2F 1-1: Ball 2-1: Ground out 5-3 (Groundball, 5L, EV 87.5 MPH)
|
| Bottom of the 6th over - 0 runs, 0 hits, 0 errors, 0 left on base; Spokane 1 - Salt Lake City 1 |
| TOP OF THE 7TH |
|
Spokane Indians batting - Pitching for Salt Lake City Bees : RHP Tony Archuleta
|
|
Batting: RHB Matthew Tyner
|
0-0: SOLO HOME RUN (Flyball, 7D, EV 110.6 MPH), Distance : 363 ft
|
|
Batting: RHB Albert Rausch
|
0-0: Ball 1-0: Called Strike 1-1: Ball 2-1: Called Strike 2-2: SOLO HOME RUN (Flyball, 7D, EV 86.3 MPH), Distance : 376 ft
|
|
Batting: SHB Jose Oquendo
|
0-0: Ball 1-0: Foul Ball, location: 2F 1-1: Ground out 4-3 (Groundball, 4, EV 87.5 MPH)
|
|
Batting: LHB Stu Pederson
|
0-0: Ball 1-0: Ball 2-0: Foul Ball, location: 2F 2-1: Swinging Strike 2-2: Ball 3-2: Base on Balls
|
|
Batting: SHB Mark Gillaspie
|
0-0: Ball 1-0: Called Strike 1-1: Swinging Strike 1-2: Ball 2-2: Fielders Choice at 2nd, U6 (Groundball, 4M, EV 106.3 MPH)
|
|
Batting: RHB Bill Schroeder
|
0-0: Called Strike 0-1: Called Strike 0-2: Foul Ball, location: 2F 0-2: Strikes out looking
|
| Top of the 7th over - 2 runs, 2 hits, 0 errors, 1 left on base; Spokane 3 - Salt Lake City 1 |
| BOTTOM OF THE 7TH |
|
Salt Lake City Bees batting - Pitching for Spokane Indians : LHP Alberto Argueta
|
|
Batting: RHB Reid Nichols
|
0-0: Ball 1-0: Foul Ball, location: 2F 1-1: Fly out, F9 (Line Drive, 9D, EV 86.3 MPH)
|
|
Batting: LHB Mike Cole
|
0-0: Ball 1-0: Called Strike 1-1: Foul Ball, location: 2F 1-2: Ball 2-2: Ball 3-2: Foul Ball, location: 2F 3-2: Fly out, F6 (Line Drive, 6, EV 63.1 MPH)
|
|
Batting: RHB Stephen Vaughan
|
0-0: Swinging Strike 0-1: Ball 1-1: Foul Ball, location: 2F 1-2: Foul Ball, location: 2F 1-2: Ball 2-2: Foul Ball, location: 2F 2-2: Ground out U3 (Groundball, 34, EV 87.5 MPH)
|
| Bottom of the 7th over - 0 runs, 0 hits, 0 errors, 0 left on base; Spokane 3 - Salt Lake City 1 |
| TOP OF THE 8TH |
|
Spokane Indians batting - Pitching for Salt Lake City Bees : RHP Tony Archuleta
|
|
Batting: LHB Joseph Lentsch
|
0-0: Ball 1-0: SINGLE (Groundball, 5L, EV 96.3 MPH)
|
|
Batting: RHB Larry Fobbs
|
0-0: Bunted foul 0-1: Foul Ball, location: 2F 0-2: Ball 1-2: Ball 2-2: Grounds into double play, 4-6-3 (Groundball, 4, EV 100.6 MPH)
|
|
Batting: RHB Cleo Smith
|
0-0: SINGLE (Line Drive, 89S, EV 96.9 MPH)
|
|
Batting: RHB Matthew Tyner
|
0-0: Ball 1-0: Called Strike 1-1: Ball 2-1: Swinging Strike 2-2: Foul Ball, location: 2F 2-2: Ball 3-2: DOUBLE (Flyball, 89D, EV 106.9 MPH) Cleo Smith to third Cleo Smith scores
|
|
Batting: RHB Albert Rausch
|
0-0: Foul Ball, location: 2F 0-1: Ball 1-1: Foul Ball, location: 2F 1-2: Ball 2-2: Fly out, F6 (Flyball, 56D, EV 88.1 MPH)
|
| Top of the 8th over - 1 run, 3 hits, 0 errors, 1 left on base; Spokane 4 - Salt Lake City 1 |
| BOTTOM OF THE 8TH |
|
Salt Lake City Bees batting - Pitching for Spokane Indians : LHP Alberto Argueta
|
|
Batting: RHB Nicky Richards
|
0-0: Ball 1-0: Foul Ball, location: 2F 1-1: Called Strike 1-2: Strikes out swinging
|
|
Batting: RHB Robert Potts
|
0-0: Foul Ball, location: 2F 0-1: Fly out, F8 (Flyball, 8RXD, EV 103.8 MPH)
|
|
Batting: RHB William Cole
|
0-0: Called Strike 0-1: Ball 1-1: Foul Ball, location: 2F 1-2: Ball 2-2: Ball 3-2: Base on Balls
|
|
Batting: RHB Darnell Coles
|
0-0: Called Strike 0-1: Ball 1-1: Ball 2-1: Ball 3-1: Called Strike 3-2: Ground out 6-3 (Groundball, 6, EV 80.0 MPH)
|
| Bottom of the 8th over - 0 runs, 0 hits, 0 errors, 1 left on base; Spokane 4 - Salt Lake City 1 |
| TOP OF THE 9TH |
|
Spokane Indians batting - Pitching for Salt Lake City Bees : RHP Tony Archuleta
|
|
Batting: SHB Jose Oquendo
|
0-0: Ball 1-0: Ground out 4-3 (Groundball, 4, EV 105.0 MPH)
|
|
Batting: LHB Stu Pederson
|
0-0: Fly out, F5 (Popup, 5S, EV 85.6 MPH)
|
|
Batting: SHB Mark Gillaspie
|
0-0: SOLO HOME RUN (Flyball, 89XD, EV 100.6 MPH), Distance : 387 ft
|
|
Batting: RHB Bill Schroeder
|
0-0: Ball 1-0: Foul Ball, location: 2F 1-1: Foul Ball, location: 2F 1-2: SINGLE (Groundball, 4MD, EV 101.9 MPH)
|
|
Batting: LHB Joseph Lentsch
|
0-0: Ball 1-0: Ball 2-0: Foul Ball, location: 2F 2-1: Fly out, F8 (Flyball, 8LXD, EV 96.9 MPH)
|
| Top of the 9th over - 1 run, 2 hits, 0 errors, 1 left on base; Spokane 5 - Salt Lake City 1 |
| BOTTOM OF THE 9TH |
|
Salt Lake City Bees batting - Pitching for Spokane Indians : LHP Alberto Argueta
|
|
Pitching: RHP Albert Williams
|
|
|
Batting: LHB Robert Schuster
|
0-0: Foul Ball, location: 2F 0-1: Ball 1-1: Ground out 6-3 (Groundball, 56, EV 87.5 MPH)
|
|
Batting: RHB Darrell Miller
|
0-0: Ball 1-0: Ball 2-0: Ball 3-0: Called Strike 3-1: Called Strike 3-2: Ground out 5-3 (Groundball, 56, EV 86.3 MPH)
|
|
Batting: RHB Reid Nichols
|
0-0: Foul Ball, location: 2F 0-1: Ball 1-1: Ball 2-1: Ball 3-1: Swinging Strike 3-2: Fly out, F9 (Flyball, 89M, EV 75.6 MPH)
|
| Bottom of the 9th over - 0 runs, 0 hits, 0 errors, 0 left on base; Spokane 5 - Salt Lake City 1 |
|